 Dungeon Crawl Stone Soup version 0.16-a0-3712-g87ae24a (webtiles) character file.

655537 DEFE the Sorcerer (level 27, -6/168 HPs)
             Began as a Deep Elf Fire Elementalist on Jan 19, 2015.
             Was the Champion of Vehumet.
             Mangled by a spatial maelstrom (17 damage)
             ... on level 4 of the Abyss on Jan 20, 2015.
             The game lasted 07:22:29 (108988 turns).

DEFE the Sorcerer (Deep Elf Fire Elementalist)    Turns: 108988, Time: 07:22:30

Health: -6/168     AC: 28    Str:  5      XL:     27
Magic:  39/50      EV: 26    Int: 36 (37) God:    Vehumet [******]
Gold:   6022       SH:  0    Dex: 18      Spells: 10 memorised, 19 levels left

rFire  + . .     SeeInvis .     F - staff of air
rCold  . . .     Clarity  .     V - +5 faerie dragon armour {rF+}
rNeg   . . .     SustAb   .     D - +2 shield
rPois  .         Gourm    .     x - +1 hat {Int+3}
rElec  +         Spirit   .     M - +3 cloak of Flash {+Fly EV+4}
rCorr  .         Warding  .     P - +2 pair of gloves {Dex+3}
rMut   +         Stasis   .     y - +2 pair of boots
MR     +++..                    k - amulet of resist mutation
Stlth  +.........               a - +6 ring of protection
                                l - ring of protection from magic

@: confused, about to teleport, very slightly contaminated, recuperating,
diseased, hasted, delayed fireball, studying Shields, very quick, extremely
resistant to hostile enchantments, very unstealthy
A: screaming 1, spit poison 1
a: Spit Poison, Renounce Religion, Release Delayed Fireball, Evoke Flight
}: 4/15 runes: barnacled, slimy, silver, gossamer


You were on level 4 of the Abyss.
You worshipped Vehumet.
Vehumet was exalted by your worship.
You were not hungry.

You visited 10 branches of the dungeon, and saw 57 of its levels.
You visited the Abyss 1 time.
You also visited: Bailey, Ice Cave and Wizlab.

You collected 8006 gold pieces.
You spent 1984 gold pieces at shops.

Inventory:

Hand weapons
 o - a +4 eudemon blade of holy wrath
 L - the +7 scimitar "Zuodah" {slice, HP+9 Str+3}
   (You found it on level 8 of the Lair of Beasts)

   It inflicts extra damage upon your enemies.
   It affects your strength (+3).
   It affects your health (+9).
Armour
 c - a +2 robe of resistance
 x - a +1 hat of intelligence (worn)
 y - a +2 pair of boots (worn)
 D - a +2 shield (worn)
 M - the +3 cloak of Flash (worn) {+Fly EV+4}
   (You bought it in a shop on level 4 of the Orcish Mines)

   It affects your evasion (+4).
   It lets you fly.
 P - a +2 pair of gloves of dexterity (worn)
 V - the +5 faerie dragon armour (worn) {rF+}
   (You took it off the Enchantress on level 4 of the Depths)

   It protects you from fire.
Magical staves
 F - an uncursed staff of air (weapon)
Jewellery
 a - a +6 ring of protection (right hand)
 b - an uncursed ring of protection from fire
 d - an uncursed ring of protection from cold
 k - an amulet of resist mutation (around neck)
 l - a ring of protection from magic (left hand)
 A - the ring "Ekautois" {rF+ SInv}
   (You found it on level 3 of the Vaults)

   [ring of see invisible]

   It protects you from fire.
   It enhances your eyesight.
 E - the amulet of Muzor {Clar HP+9 MP+9 Str+2}
   (You took it off a deep elf fighter on level 3 of the Elven Halls)

   [amulet of clarity]

   It provides mental clarity.
   It affects your strength (+2).
   It affects your health (+9).
   It affects your magic capacity (+9).
Magical devices
 g - a wand of hasting (3)
 C - a wand of digging (4)
 R - a wand of teleportation (0)
Scrolls
 e - 20 scrolls of remove curse
 n - 8 scrolls of fog
 q - a scroll of summoning
 t - a scroll of brand weapon
 w - 11 scrolls of enchant armour
 B - 2 scrolls of identify
 G - 3 scrolls of blinking
 H - 3 scrolls of vulnerability
 I - 6 scrolls of magic mapping
 K - 2 scrolls of holy word
 N - 5 scrolls of fear
 Q - 8 scrolls of recharging
 S - 2 scrolls of enchant weapon
 X - 3 scrolls of amnesia
Potions
 h - 2 potions of flight
 i - 3 potions of brilliance
 j - 17 potions of curing
 p - 7 potions of cancellation
 r - 6 potions of agility
 u - 5 potions of resistance
 v - a potion of cure mutation
 z - a potion of haste
 J - 2 potions of invisibility
 O - 4 potions of ambrosia
 T - 7 potions of restore abilities
 U - 2 potions of magic
 Y - 4 potions of might
Books
 f - a book of the Sky

   Spells                             Type                      Level
   a - Flight                         Charms/Air                   3
   b - Airstrike                      Air                          4
   c - Silence                        Hexes/Air                    5
   d - Deflect Missiles               Charms/Air                   6
   e - Conjure Ball Lightning         Conjuration/Air              6
   f - Tornado                        Air                          9
 s - Simowk's Disquisition on Boosting Battle Magic
   (You found it on level 6 of the Pits of Slime)

   Spells                             Type                      Level
   a - Magic Dart                     Conjuration                  1
   b - Shroud of Golubria             Charms/Translocation         2
   c - Excruciating Wounds            Charms/Necromancy            5
   d - Iskenderun's Battlesphere      Conjuration/Charms           5
   e - Spellforged Servitor           Conjuration/Summoning        7
 Z - a manual of Shields
Comestibles
 m - 27 bread rations


   Skills:
 - Level 16.1 Fighting
 - Level 12.3 Staves
 - Level 18.0 Dodging
 - Level 2.5 Stealth
 - Level 15.0 Shields
 + Level 24.5 Spellcasting
 + Level 20.9 Conjurations
 - Level 11.0 Charms
 + Level 21.2 Fire Magic
 + Level 19.4 Air Magic
 + Level 8.0 Evocations


You had 19 spell levels left.
You knew the following spells:

 Your Spells              Type           Power        Failure   Level  Hunger
a - Orb of Destruction    Conj           ########..   1%          7    None
b - Chain Lightning       Conj/Air       ########..   1%          8    None
c - Tornado               Air            ########..   10%         9    ###....
f - Regeneration          Chrm/Necr      ######....   1%          3    None
g - Bolt of Fire          Conj/Fire      ########..   1%          6    None
i - Delayed Fireball      Conj/Fire      N/A          1%          7    None
j - Deflect Missiles      Chrm/Air       ########..   1%          6    None
k - Ring of Flames        Chrm/Fire      ########..   1%          7    None
l - Apportation           Tloc           #####.....   1%          1    None
n - Blink                 Tloc           N/A          1%          2    None


Dungeon Overview and Level Annotations

Branches:
Dungeon (15/15)            Temple (1/1) D:4            Lair (8/8) D:9
 Shoals (5/5) Lair:5       Spider (5/5) Lair:5        Slime (6/6) Lair:8
    Orc (4/4) D:12            Elf (3/3) Orc:4        Vaults (5/5) D:14
  Crypt (0/3) Vaults:2     Depths (5/5) D:15            Zot (0/5) Depths:5

Altars:
Ashenzari
Cheibriados
Dithmenos
Elyvilon
Fedhas
Kikubaaqudgha
Makhleb
Nemelex Xobeh
Okawaru
Qazlal
Ru
Trog
Vehumet
Xom
Yredelemnul
Zin
The Shining One
Beogh
Jiyva

Shops:
D:5 :   D:14 *   Orc:4 [[![[   Elf:3 %   Vaults:1 *   Depths:5 !

Portals:
Hell: Depths:1 Depths:2 Depths:3 Depths:4 Depths:5
Abyss: Depths:1 Depths:3 Depths:4 Depths:5
Pandemonium: Depths:3 Depths:5
Ziggurat: Depths:2
Trove: Depths:4 (give 13 potions of heal wounds)

Annotations:
D:5 Dowan, Duvessa
D:13 runed door
Lair:8 runed door
Elf:2 runed door
Depths:4 runed door


Innate Abilities, Weirdness & Mutations

You occasionally shout uncontrollably at your foes.
You can spit poison.


Message History

You feel invigorated.
The ancient zyme is engulfed in roaring flames.
The ancient zyme barely misses you. The ancient zyme completely misses you.
The naga warrior hits you from afar with a spear!
* * * LOW HITPOINT WARNING * * *
The spatial maelstrom misses you.
The spatial maelstrom completely misses you.
Your ring of flames gutters out.
A spatial vortex comes into view.
The ancient zyme is engulfed in roaring flames.
The ancient zyme completely misses you. The ancient zyme barely misses you.
The large abomination is engulfed in roaring flames.
The large abomination hits you!!
* * * LOW HITPOINT WARNING * * *
The naga warrior closely misses you.
The spatial maelstrom barely misses you.
The spatial maelstrom hits you.
* * * LOW HITPOINT WARNING * * *
Space warps horribly around you!
You die...

#. .. ..# #... ...# x †
## #.## #.§# .## †.##
...##.##§# ..# # #
####....#3.§1.#....
#†#...#####N§..........
.#......#N#.)N§§#.....#
..#..§§X.# .X.## ...#
#x@# ##.## # # .. #
##v## #Nt.# .
#..v#.#... .
...###..#..... .
$##......#...#
....#...##v#.. .#..#.#N
#.. v.##.#. .#.


You could see a naga warrior, a spatial maelstrom, a spatial vortex, an ancient
zyme and a large abomination.

Vanquished Creatures
  the royal jelly (Slime:6)
  Sojobo (Vaults:3)
  Norris (Shoals:5)
  34 large abominations
  Mara (Vaults:3)
  5 golden dragons
  Jory (Depths:3)
  A profane servitor (Abyss:4)
  the Enchantress (Depths:4)
  7 liches
  An Ice Fiend (IceCv)
  A Hell Sentinel (Abyss:4)
  3 tentacled monstrosities
  3 quicksilver dragons
  2 deep elf blademasters (Elf:3)
  13 tentacled starspawn
  19 acid blobs
  2 deep elf master archers (Elf:3)
  7 titans
  A kraken (Shoals:2)
  7 sphinxes
  An Executioner (Abyss:4)
  Agnes (Depths:2)
  7 shadow dragons
  Kirke (Spider:1)
  2 storm dragons
  7 tengu reavers
  17 azure jellies
  15 frost giants
  The ghost of Furman the Executioner, a mighty MiBe of Trog (Depths:2)
  Ilsuiw (Shoals:5)
  A daeva (Abyss:4)
  12 fire giants
  3 ghost moths (Spider:5)
  An iron dragon (Depths:4)
  5 deep elf sorcerers
  14 vault wardens
  A ghost moth (shapeshifter) (Depths:4)
  11 emperor scorpions
  Aizul (Depths:1)
  2 balrugs (Abyss:4)
  Gastronok (Lair:2)
  A cacodemon (Abyss:4)
  A draconian zealot (Depths:5)
  Jorgrun (Depths:1)
  6 spriggan defenders (Depths:4)
  2 reapers
  An angel (Abyss:4)
  5 war gargoyles
  A draconian shifter (Depths:5)
  3 draconian callers (Depths:5)
  24 stone giants
  11 very ugly things
  16 ironheart preservers
  2 vampire knights
  A grey draconian (Depths:5)
  A green draconian (Depths:5)
  A black draconian (Depths:5)
  A white draconian (Abyss:4)
  5 deep elf annihilators
  8 deep elf demonologists
  Azrael (Spider:4)
  12 purple draconians (WizLab)
  A yellow draconian (Depths:5)
  8 dire elephants
  Snorg (Elf:1)
  A blizzard demon (Abyss:4)
  6 merfolk javelineers
  17 merfolk impalers
  10 fire dragons
  15 ettins
  34 vault guards
  6 deep elf death magi
  4 minotaurs
  9 death oozes
  21 ogre magi
  A hell beast (Depths:3)
  Fannar (Lair:6)
  3 deep elf high priests (Elf:3)
  8 ice dragons
  18 yaktaur captains
  13 centaur warriors
  5 hydras
  5 rakshasas
  An anaconda (D:14)
  6 spriggan air magi
  6 great orbs of eyes
  3 merfolk avatars
  9 statues (WizLab)
  14 deep troll earth magi
  An alligator snapping turtle (Shoals:2)
  10 merfolk aquamancers
  17 dancing weapons
  4 satyrs
  2 death knights (Vaults:2)
  A tengu warrior (Depths:5)
  11 death yaks
  An orc high priest (Elf:1)
  2 shock serpents (shapeshifter)
  Urug (D:12)
  7 spriggan berserkers
  14 deep troll shamans
  27 thrashing horrors
  2 sun demons (Abyss:4)
  3 vampire magi
  Nergalle (Lair:4)
  4 catoblepae
  5 iron trolls
  24 deep elf knights
  A salamander mystic (Depths:3)
  48 deep trolls
  16 hell knights
  A fire crab (shapeshifter) (Vaults:3)
  15 skeletal warriors
  A soul eater (Depths:3)
  7 wretched stars (Abyss:4)
  2 flayed ghosts
  30 small abominations
  10 ice devils
  3 spatial maelstroms (Abyss:4)
  2 death drakes
  A fire crab (Lair:8)
  25 sea snakes
  7 shadow wraiths
  2 unseen horrors
  7 giant orange brains
  Erolcha (Orc:2)
  A death drake (shapeshifter) (D:13)
  3 shadow demons (Abyss:4)
  2 ice statues (IceCv)
  14 ironbrand convokers
  2 lindwurms (Lair:8)
  14 deep elf summoners
  A sea snake (shapeshifter) (Depths:5)
  11 necromancers
  15 hill giants
  An orc sorcerer (D:15)
  An iron dragon zombie (Abyss:4)
  11 deep elf conjurers
  27 harpies
  A wolf spider zombie (D:14)
  3 phantasmal warriors (Vaults:5)
  9 hornets
  20 griffons
  33 wolf spiders
  3 sixfirhies
  A fire giant zombie (Vaults:3)
  14 orb spiders
  13 fauns
  72 ugly things
  2 moths of wrath (Spider:5)
  A draconian (shapeshifter) (Vaults:4)
  A water nymph (shapeshifter) (Vaults:4)
  6 wizards
  14 orc knights
  2 shadow dragon skeletons
  18 manticores
  4 water nymphs
  8 elephants
  2 salamanders (shapeshifter)
  9 shining eyes
  4 guardian serpents
  7 cyclopes
  6 worldbinders
  2 salamanders (Depths:3)
  3 black mambas (shapeshifter)
  A fire giant skeleton (Abyss:4)
  A drowned soul (Shoals:5)
  2 rust devils (Depths:3)
  A stone giant skeleton (Vaults:4)
  A guardian serpent (shapeshifter) (Vaults:5)
  Joseph (D:10)
  12 black mambas
  A naga mage (D:15)
  4 gargoyles
  14 sirens
  5 centaur zombies
  A shock serpent skeleton (Abyss:1)
  23 spiny frogs
  A queen ant (Spider:2)
  2 eyes of devastation
  23 vault sentinels
  11 torpor snails
  4 apocalypse crabs (Abyss:4)
  An orange demon (Abyss:1)
  12 smoke demons (Abyss:4)
  A hellion (Abyss:4)
  Psyche (Lair:3)
  3 efreet (Abyss:4)
  6 fire drakes
  5 tengu conjurers
  9 komodo dragons
  A yaktaur zombie (Vaults:1)
  22 demonic crawlers
  A silent spectre (Abyss:1)
  69 yaktaurs
  A fire drake (shapeshifter) (Vaults:3)
  6 trolls
  34 jumping spiders
  A yaktaur (shapeshifter) (Abyss:4)
  4 kobold demonologists
  4 red devils
  15 freezing wraiths
  48 merfolk
  2 polar bears
  18 deep elf priests
  A yaktaur skeleton (Vaults:2)
  An anaconda simulacrum (IceCv)
  42 two-headed ogres
  13 ancient zymes
  Sonja (D:10)
  6 blue devils
  4 wind drakes
  87 slime creatures
  A sphinx simulacrum (Vaults:3)
  3 giant leeches (Lair:8)
  6 ravens
  A raven (shapeshifter) (Elf:2)
  15 snapping turtles
  20 blink frogs
  15 boulder beetles
  An ettin zombie (Vaults:2)
  2 two-headed ogres (shapeshifter)
  40 raiju
  7 ynoxinuls
  3 spriggans (Depths:4)
  30 trapdoor spiders
  58 yaks
  23 starcursed masses
  2 wraiths (Vaults:1)
  A spriggan (shapeshifter) (Abyss:4)
  7 air elementals
  A shadow (D:11)
  30 water elementals
  3 basilisks
  A yak (shapeshifter) (Vaults:1)
  2 humans (shapeshifter)
  38 deep elf magi
  25 tarantellas
  4 wyverns
  2 fire elementals
  Eustachio (D:5)
  6 chaos spawn
  21 vampire mosquitoes
  73 redbacks
  A golden eye (shapeshifter) (Depths:2)
  4 humans (Lair:3)
  5 iron troll simulacra (IceCv)
  10 golden eyes
  22 wolves
  2 harpy simulacra (IceCv)
  5 hungry ghosts
  6 wargs
  17 hippogriffs
  4 hogs (Spider:1)
  51 deep elf fighters
  2 steam dragons (Depths:5)
  5 insubstantial wisps (Abyss:4)
  12 neqoxecs
  6 spatial vortices (Abyss:4)
  3 human zombies
  A hydra simulacrum (IceCv)
  6 soldier ants
  32 water moccasins
  A deep troll skeleton (Vaults:3)
  3 mottled dragons
  47 orc warriors
  A dwarf (shapeshifter) (Vaults:5)
  4 hell hounds
  17 ice beasts
  55 spiders
  2 swamp drakes (Depths:5)
  A deep dwarf (shapeshifter) (Abyss:1)
  10 porcupines
  An ettin simulacrum (IceCv)
  4 black bears
  8 eyes of draining
  A spider (shapeshifter) (Vaults:3)
  3 necrophages
  98 ogres
  10 wasps
  5 sky beasts
  27 centaurs
  2 phantoms
  2 boring beetles (shapeshifter)
  3 boring beetles
  8 brain worms
  30 giant frogs
  13 crocodiles
  A gnoll sergeant (D:5)
  10 big kobolds
  2 human skeletons
  An elf zombie (Vaults:3)
  3 troll zombies (D:12)
  10 killer bees
  9 scorpions
  2 wyvern skeletons
  A troll skeleton (D:13)
  A spriggan skeleton (D:13)
  23 wights
  5 crimson imps
  2 human simulacra (Vaults:1)
  5 electric eels
  A vampire bat (D:5)
  2 goliath beetles (D:6)
  3 quasits
  28 jellies
  32 worker ants
  3 giant frog skeletons
  22 orc priests
  13 hounds
  8 centaur skeletons
  39 orc wizards
  8 iron imps
  12 iguanas
  10 hell rats
  A killer bee zombie (D:7)
  23 sheep
  A tengu zombie (Abyss:2)
  Jessica (Lair:3)
  5 ogre zombies (D:12)
  3 hound skeletons
  A hound zombie (D:6)
  8 gnolls
  57 river rats
  38 adders
  4 giant mites
  7 white imps
  6 shadow imps
  20 ufetubi
  22 worms
  An adder skeleton (D:5)
  8 giant geckos
  6 oozes
  214 orcs
  2 ball pythons
  23 bats
  A bat skeleton (D:6)
  A bat zombie (D:5)
  24 hobgoblins
  8 jackals
  19 quokkas
  5 giant cockroaches
  A giant cockroach zombie (D:6)
  10 giant newts
  2 giant spores
  31 goblins
  3 goblin skeletons (D:12)
  A goblin zombie (D:12)
  2 hobgoblin zombies (D:12)
  20 kobolds
  2 lurking horrors
  3 orc skeletons (D:12)
  16 orc zombies (D:12)
  A quokka skeleton (D:7)
  16 rats
  7 ballistomycetes
  3 bushes
  11 crawling corpses
  20 fungi
  25 plants
  12 starspawn tentacles
3694 creatures vanquished.

Vanquished Creatures (others)
  Nikola (Shoals:4)
  A tengu reaver (Vaults:3)
  An ettin (Vaults:4)
  A thrashing horror (Abyss:4)
  A wretched star (Abyss:4)
  A merfolk (Shoals:4)
  An air elemental (Vaults:3)
  A water elemental (Shoals:2)
  2 deep elf magi
  A human (Spider:1)
  2 spatial vortices (Abyss:4)
  A big kobold (Abyss:4)
  2 ufetubi
  An orc (Elf:1)
  A giant spore (Abyss:4)
  2 lurking horrors (Abyss:4)
  21 fungi
  14 plants
  20 starspawn tentacles
  272 starspawn tentacle segments
347 creatures vanquished.

Grand Total: 4041 creatures vanquished

Notes
Turn   | Place    | Note
--------------------------------------------------------------
     0 | D:1      | DEFE, the Deep Elf Fire Elementalist, began the quest for the Orb.
     0 | D:1      | Reached XP level 1. HP: 10/10 MP: 5/5
    35 | D:1      | Reached XP level 2. HP: 15/15 MP: 0/8
   507 | D:1      | Reached XP level 3. HP: 15/19 MP: 4/11
   566 | D:1      | Learned a level 3 spell: Conjure Flame
   654 | D:1      | Found a snail-covered altar of Cheibriados.
   817 | D:1      | Reached skill level 4 in Fire Magic
  1489 | D:2      | Reached XP level 4. HP: 16/24 MP: 3/14
  2219 | D:3      | Learned a level 4 spell: Sticky Flame
  2642 | D:3      | Reached XP level 5. HP: 28/28 MP: 16/18
  2726 | D:3      | Reached skill level 1 in Fighting
  3741 | D:4      | Found a staircase to the Ecumenical Temple.
  3755 | Temple   | Entered the Ecumenical Temple
  3811 | Temple   | Became a worshipper of Vehumet
  3861 | D:4      | Reached XP level 6. HP: 34/34 MP: 15/20
  3913 | D:4      | Noticed an ogre
  3922 | D:4      | Killed an ogre
  4170 | D:5      | Entered Level 5 of the Dungeon
  4189 | D:5      | Reached skill level 5 in Spellcasting
  4189 | D:5      | Reached skill level 5 in Fire Magic
  4334 | D:5      | Reached XP level 7. HP: 40/40 MP: 10/22
  4559 | D:5      | Acquired Vehumet's first power
  4559 | D:5      | Offered knowledge of Shock by Vehumet.
  4842 | D:5      | Noticed Eustachio
  4856 | D:5      | Killed Eustachio
  4856 | D:5      | Reached skill level 5 in Dodging
  5032 | D:5      | Got an ichor-stained leather armour
  5037 | D:5      | Found Kuitt's Book Shoppe.
  5050 | D:5      | Identified the +0 leather armour of Trial and Error {rPois+ rF+ SInv} (You found it on level 5 of the Dungeon)
  5170 | D:5      | Reached skill level 6 in Spellcasting
  5267 | D:5      | Noticed Dowan
  5268 | D:5      | Noticed Duvessa
  5292 | D:5      | Learned a level 5 spell: Fireball
  5768 | D:6      | Reached XP level 8. HP: 32/45 MP: 10/25
  5989 | D:6      | Reached skill level 5 in Conjurations
  6310 | D:6      | Found a bloodstained altar of Trog.
  6326 | D:6      | Reached skill level 7 in Spellcasting
  6395 | D:6      | Offered knowledge of Freeze by Vehumet.
  6592 | D:6      | Reached XP level 9. HP: 40/52 MP: 15/28
  7223 | D:7      | Reached skill level 8 in Spellcasting
  7313 | D:7      | Noticed a hill giant
  7327 | D:7      | Killed a hill giant
  7481 | D:7      | Offered knowledge of Throw Frost by Vehumet.
  7746 | D:7      | Found a shadowy altar of Dithmenos.
  7839 | D:7      | Acquired Vehumet's second power
  8207 | D:7      | Found an iron altar of Okawaru.
  8209 | D:7      | Found a shimmering altar of Xom.
  8422 | D:8      | Reached XP level 10. HP: 58/58 MP: 24/30
  8432 | D:8      | Offered knowledge of Stone Arrow by Vehumet.
  8633 | D:8      | Reached skill level 9 in Spellcasting
  8849 | D:8      | Reached skill level 5 in Fighting
  8990 | D:8      | Acquired Vehumet's third power
  9359 | D:9      | Offered knowledge of Lee's Rapid Deconstruction by Vehumet.
  9420 | D:9      | Found a staircase to the Lair.
  9440 | D:9      | Noticed a hill giant
  9447 | D:9      | Killed a hill giant
  9595 | D:9      | Found a burning altar of Makhleb.
 10129 | D:10     | Entered Level 10 of the Dungeon
 10204 | D:10     | Noticed a hill giant
 10210 | D:10     | Killed a hill giant
 10210 | D:10     | Reached skill level 10 in Spellcasting
 10383 | D:10     | Noticed a five-headed hydra
 10416 | D:10     | Killed a five-headed hydra
 10416 | D:10     | Reached XP level 11. HP: 43/64 MP: 21/32
 10617 | D:10     | Noticed Sonja
 10623 | D:10     | Killed Sonja
 10725 | D:10     | Found a flagged portal.
 10731 | Bailey   | Entered a bailey
 11371 | Bailey   | Reached skill level 10 in Dodging
 11986 | D:10     | Noticed a hill giant
 11991 | D:10     | Killed a hill giant
 12149 | D:10     | Noticed a hill giant
 12155 | D:10     | Killed a hill giant
 12360 | D:10     | Noticed Joseph
 12363 | D:10     | Killed Joseph
 12490 | D:10     | Reached skill level 11 in Spellcasting
 12818 | D:11     | Noticed a hill giant
 13102 | D:11     | Offered knowledge of Poison Arrow by Vehumet.
 13103 | D:11     | Reached skill level 10 in Fire Magic
 13280 | D:11     | Learned a level 3 spell: Mephitic Cloud
 13284 | D:11     | Learned a level 3 spell: Regeneration
 13323 | D:11     | Killed a hill giant
 14028 | D:11     | Reached skill level 10 in Conjurations
 14028 | D:11     | Reached XP level 12. HP: 59/73 MP: 34/34
 14344 | Lair:1   | Entered Level 1 of the Lair of Beasts
 14686 | Lair:1   | Identified 2 scrolls of acquirement
 14689 | Lair:1   | Got a blackened buckler
 14695 | Lair:1   | Identified the +2 buckler "Veask" {*Tele rElec MR+ Int-2} (You acquired it on level 1 of the Lair of Beasts)
 15090 | Lair:1   | Reached skill level 12 in Spellcasting
 15755 | Lair:2   | Noticed Gastronok
 15764 | Lair:2   | Gained mutation: Your spells are a little easier to cast, but a little less powerful. [potion of mutation]
 15764 | Lair:2   | Gained mutation: You occasionally shout uncontrollably at your foes. [potion of mutation]
 15764 | Lair:2   | Lost mutation: Your spells are a little easier to cast, but a little less powerful. [potion of mutation]
 15778 | Lair:2   | Killed Gastronok
 16079 | Lair:2   | Found a basalt altar of Yredelemnul.
 16481 | Lair:2   | Learned a level 6 spell: Bolt of Fire
 17110 | Lair:3   | Reached skill level 1 in Shields
 17340 | Lair:3   | Noticed Jessica
 17342 | Lair:3   | Noticed Psyche
 17343 | Lair:3   | Killed Psyche
 17347 | Lair:3   | Killed Jessica
 17571 | Lair:3   | Offered knowledge of Iskenderun's Battlesphere by Vehumet.
 17953 | Lair:3   | Reached XP level 13. HP: 79/81 MP: 19/36
 19195 | Lair:4   | Noticed Nergalle
 19202 | Lair:4   | Killed Nergalle
 19799 | Lair:4   | Reached skill level 13 in Spellcasting
 19961 | Lair:4   | Reached skill level 10 in Fighting
 20126 | Lair:4   | Offered knowledge of Bolt of Magma by Vehumet.
 20204 | Lair:4   | Learned a level 5 spell: Bolt of Magma
 20970 | Lair:5   | Learned a level 7 spell: Delayed Fireball
 21050 | Lair:5   | Found a staircase to the Shoals.
 21739 | Lair:5   | Found a hole to the Spider Nest.
 22307 | Lair:6   | Noticed Fannar
 22310 | Lair:6   | Killed Fannar
 22310 | Lair:6   | Reached skill level 5 in Shields
 23175 | Lair:6   | Reached skill level 1 in Air Magic
 23518 | Lair:7   | Reached skill level 1 in Charms
 23885 | Lair:7   | Found a shattered altar of Ashenzari.
 23888 | Lair:7   | Got a heavily runed leather armour
 23910 | Lair:7   | Identified the +1 leather armour of the Hare {rF- rC++ rN+ Int+3} (You found it on level 7 of the Lair of Beasts)
 24348 | Lair:7   | Reached XP level 14. HP: 53/88 MP: 7/37
 25181 | Lair:8   | Entered Level 8 of the Lair of Beasts
 25190 | Lair:7   | Offered knowledge of Spellforged Servitor by Vehumet.
 25322 | Lair:8   | Got a fine morningstar
 25327 | Lair:7   | Identified the +11 morningstar of Psoih {freeze, rF+ MR+ MP+9 Int-5 Dex-3 SInv} (You found it on level 8 of the Lair of Beasts)
 25409 | Lair:8   | Got a smoking scimitar
 25412 | Lair:8   | Identified the +7 scimitar "Zuodah" {slice, HP+9 Str+3} (You found it on level 8 of the Lair of Beasts)
 26342 | Lair:8   | Reached skill level 14 in Spellcasting
 26801 | Lair:8   | Reached skill level 5 in Charms
 26879 | Lair:8   | Found a staircase to the Slime Pits.
 26880 | Lair:8   | Found a viscous altar of Jiyva.
 27119 | Lair:8   | Got an encrusted dagger
 27120 | Lair:8   | Identified the +10 dagger of Quick Death {drain, rPois+ Dex+2} (You found it on level 8 of the Lair of Beasts)
 27761 | Lair:8   | Found a runed door.
 28482 | Lair:8   | Offered knowledge of Ozocubu's Refrigeration by Vehumet.
 29740 | D:12     | Noticed Urug
 29743 | D:12     | Killed Urug
 30212 | D:12     | Offered knowledge of Poisonous Cloud by Vehumet.
 30363 | D:12     | Found a staircase to the Orcish Mines.
 30546 | D:12     | Reached XP level 15. HP: 96/96 MP: 35/38
 31360 | Orc:1    | Entered Level 1 of the Orcish Mines
 31433 | Orc:2    | Noticed Erolcha
 31438 | Orc:2    | Killed Erolcha
 31898 | Orc:1    | Offered knowledge of Freezing Cloud by Vehumet.
 32349 | Orc:1    | Reached skill level 5 in Air Magic
 33283 | Orc:4    | Entered Level 4 of the Orcish Mines
 33398 | Orc:4    | Offered knowledge of Glaciate by Vehumet.
 33398 | Orc:4    | Offered knowledge of Shatter by Vehumet.
 33398 | Orc:4    | Offered knowledge of Chain Lightning by Vehumet.
 33675 | Orc:4    | Found Mosuffynes' Antique Armour Shop.
 33675 | Orc:4    | Found Safeoxuq's Distillery.
 33675 | Orc:4    | Found Alaticoll's Armour Emporium.
 33675 | Orc:4    | Found Koped's Antique Armour Boutique.
 33701 | Orc:4    | Bought a potion of decay for 11 gold pieces
 33701 | Orc:4    | Bought 2 potions of heal wounds for 110 gold pieces
 33701 | Orc:4    | Bought 2 potions of magic for 176 gold pieces
 33717 | Orc:4    | Bought a +2 pair of gloves for 198 gold pieces
 33723 | Orc:4    | Bought a shadowed robe for 159 gold pieces
 33738 | Orc:4    | Identified the +2 robe of the Cuttlefish {HP+9 Stlth+} (You bought it in a shop on level 4 of the Orcish Mines)
 33891 | Orc:4    | Found a roughly hewn altar of Beogh.
 33904 | Orc:4    | Found a staircase to the Elven Halls.
 33928 | Orc:4    | Found Qomuluff's Armour Boutique.
 33983 | Orc:4    | Bought the +3 cloak of Flash {+Fly EV+4} for 454 gold pieces
 34064 | Orc:4    | Bought a pair of runed boots for 112 gold pieces
 34603 | D:13     | Noticed a hill giant
 34605 | D:13     | Killed a hill giant
 34830 | D:13     | Found a runed door.
 36255 | D:14     | Reached skill level 15 in Spellcasting
 36343 | D:14     | Found Luuthr Soixt's Serpentskin Sales.
 36379 | D:14     | Bought an uncursed ring of poison resistance for 220 gold pieces
 36601 | D:14     | Found a gate to the Vaults.
 37504 | D:14     | Identified the Reference Book on Viperous Translocation
 37824 | D:15     | Entered Level 15 of the Dungeon
 37911 | D:15     | Learned a level 6 spell: Deflect Missiles
 37923 | D:15     | Reached XP level 16. HP: 103/103 MP: 27/40
 38268 | D:15     | Paralysed by an orc sorcerer for 5 turns
 38378 | D:15     | Found a staircase to the Depths.
 39516 | Spider:1 | Entered Level 1 of the Spider Nest
 39572 | Lair:5   | Learned a level 7 spell: Ring of Flames
 39583 | Spider:1 | Reached skill level 10 in Charms
 39866 | Spider:1 | Noticed Kirke
 39870 | Spider:1 | Killed Kirke
 40510 | Spider:1 | Gained mutation: You can spit poison. [potion of beneficial mutation]
 41972 | Spider:2 | Reached skill level 15 in Dodging
 42261 | Spider:2 | Reached skill level 16 in Spellcasting
 42848 | Spider:3 | Found a frozen archway.
 42914 | IceCv    | Entered an ice cave
 43252 | IceCv    | Noticed an Ice Fiend
 43254 | IceCv    | Killed an Ice Fiend
 44065 | Spider:3 | Reached XP level 17. HP: 92/109 MP: 8/41
 46813 | Spider:4 | Noticed Azrael
 46823 | Spider:4 | Killed Azrael
 47753 | Spider:5 | Entered Level 5 of the Spider Nest
 49263 | Spider:5 | Reached skill level 15 in Fire Magic
 49529 | Spider:5 | Got a gossamer rune of Zot
 50320 | Spider:5 | Reached skill level 17 in Spellcasting
 50559 | Spider:5 | Learned a level 1 spell: Apportation
 50587 | Spider:5 | Upgraded the game from 0.16-a0-3706-g5dff784 to 0.16-a0-3712-g87ae24a
 50811 | Shoals:1 | Entered Level 1 of the Shoals
 50830 | Shoals:1 | Reached skill level 15 in Conjurations
 50879 | Shoals:1 | Learned a level 4 spell: Airstrike
 51097 | Shoals:1 | Reached XP level 18. HP: 71/116 MP: 12/42
 53532 | Shoals:2 | Reached skill level 10 in Air Magic
 56129 | Shoals:4 | Noticed Nikola
 56213 | Shoals:4 | Killed Nikola
 57102 | Shoals:4 | Learned a level 2 spell: Blink
 58181 | Shoals:5 | Entered Level 5 of the Shoals
 58394 | Shoals:5 | Noticed Norris
 58404 | Shoals:5 | Killed Norris
 58868 | Shoals:5 | Noticed Ilsuiw
 58876 | Shoals:5 | Reached XP level 19. HP: 115/121 MP: 7/43
 58882 | Shoals:5 | Killed Ilsuiw
 59120 | Shoals:5 | Reached skill level 18 in Spellcasting
 59627 | Shoals:5 | Got a barnacled rune of Zot
 61769 | Vaults:1 | Entered Level 1 of the Vaults
 62007 | Vaults:1 | Learned a level 7 spell: Orb of Destruction
 62023 | Vaults:1 | Found Qoaklit's General Store.
 63310 | Vaults:1 | Reached skill level 15 in Fighting
 65195 | Vaults:2 | Reached XP level 20. HP: 129/129 MP: 32/44
 65238 | Vaults:2 | Reached skill level 10 in Shields
 67253 | Vaults:2 | Found a staircase to the Crypt.
 67557 | Vaults:3 | Noticed Sojobo
 68819 | Vaults:3 | Noticed Mara
 68830 | Vaults:3 | Noticed DEFE's illusion
 69107 | Vaults:3 | Got a vibrating lapis lazuli ring
 69109 | Vaults:3 | Identified the ring "Ekautois" {rF+ SInv} (You found it on level 3 of the Vaults)
 70102 | Vaults:3 | Noticed DEFE's illusion
 70103 | Vaults:3 | Killed Mara
 71660 | Vaults:3 | Killed Sojobo
 72471 | Vaults:4 | Reached XP level 21. HP: 136/136 MP: 33/44
 76352 | Depths:1 | Entered Level 1 of the Depths
 76621 | Depths:1 | Noticed Jorgrun
 76634 | Depths:1 | Killed Jorgrun
 76890 | Depths:1 | Found a sparkling altar of Nemelex Xobeh.
 77347 | Depths:1 | Found a one-way gate to the infinite horrors of the Abyss.
 77531 | Depths:1 | Noticed Aizul
 77545 | Depths:1 | Killed Aizul
 77683 | Depths:1 | Found a gateway to Hell.
 78079 | Depths:2 | Noticed Furman's ghost (mighty MiBe)
 78444 | Depths:2 | Noticed Agnes
 78449 | Depths:2 | Killed Agnes
 78659 | Depths:2 | Killed Furman's ghost
 79590 | Depths:2 | Found a gateway to a ziggurat.
 79873 | Depths:2 | Reached XP level 22. HP: 142/142 MP: 30/45
 80549 | Depths:2 | Reached skill level 15 in Shields
 82333 | Depths:3 | Noticed Jory
 82343 | Depths:3 | Killed Jory
 83221 | Depths:3 | Found a one-way gate leading to the halls of Pandemonium.
 83832 | Depths:4 | Learned a level 8 spell: Chain Lightning
 83945 | Depths:4 | Reached skill level 19 in Spellcasting
 83949 | Depths:4 | Reached skill level 15 in Air Magic
 84665 | Depths:4 | Noticed the Enchantress
 84674 | Depths:4 | Found a huge runed gate.
 84961 | Depths:4 | Reached skill level 1 in Staves
 85437 | Depths:4 | Found a portal to a secret trove of treasure.
 85623 | Depths:4 | Reached XP level 23. HP: 147/147 MP: 24/46
 85762 | Depths:4 | Killed the Enchantress
 86465 | Depths:4 | Found a huge runed gate.
 86465 | Depths:4 | Found a huge runed gate.
 86468 | Depths:4 | Found a huge runed gate.
 86468 | Depths:4 | Found a huge runed gate.
 86790 | Depths:4 | Reached skill level 20 in Spellcasting
 87088 | Depths:5 | Entered Level 5 of the Depths
 87512 | Depths:5 | Found Ulluem's Distillery.
 87536 | Depths:5 | Bought a potion of restore abilities for 80 gold pieces
 87536 | Depths:5 | Bought 2 potions of agility for 128 gold pieces
 87536 | Depths:5 | Bought 2 potions of heal wounds for 160 gold pieces
 87536 | Depths:5 | Bought a potion of curing for 48 gold pieces
 87536 | Depths:5 | Bought a potion of magic for 128 gold pieces
 87880 | Depths:5 | Found a gate to the Realm of Zot.
 87899 | Depths:5 | Reached skill level 5 in Staves
 90616 | Elf:1    | Entered Level 1 of the Elven Halls
 90631 | Elf:1    | Reached XP level 24. HP: 152/152 MP: 29/47
 91659 | Elf:1    | Noticed Snorg
 91662 | Elf:1    | Killed Snorg
 92006 | Elf:2    | Reached skill level 21 in Spellcasting
 92817 | Depths:4 | Got a faerie dragon armour
 92830 | Depths:4 | Identified the +5 faerie dragon armour {rF+} (You took it off the Enchantress on level 4 of the Depths)
 93512 | Elf:2    | Found a runed door.
 93551 | Elf:2    | Found a runed door.
 94653 | Elf:3    | Entered Level 3 of the Elven Halls
 94720 | Elf:3    | Found Pusegym's Food Shoppe.
 94772 | Elf:3    | Found a magical portal.
 94781 | WizLab   | Entered Iskenderun's Mystic Tower
 96005 | WizLab   | Identified Iskenderun's Incunabulum of Feathery Attacks
 96005 | WizLab   | Identified Iskenderun's Disquisition on Attacks
 96732 | Elf:3    | Learned a level 9 spell: Tornado
 96995 | Elf:3    | Got a smoking diamond amulet
 96998 | Elf:3    | Got a brightly glowing quarterstaff
 97015 | Elf:3    | Identified the amulet of Muzor {Clar HP+9 MP+9 Str+2} (You took it off a deep elf fighter on level 3 of the Elven Halls)
 97021 | Elf:3    | Identified the +11 quarterstaff of Ryru Rufyut {holy, MR+} (You took it off a deep elf fighter on level 3 of the Elven Halls)
 97126 | Elf:3    | Identified the Guide on the Entourage (You found it on level 3 of the Elven Halls)
 97176 | Elf:3    | Identified the Handbook of Aid
 97912 | Vaults:5 | Entered Level 5 of the Vaults
 97920 | Vaults:5 | Reached XP level 25. HP: 126/157 MP: 47/48
 98058 | Vaults:5 | Reached skill level 22 in Spellcasting
 98065 | Vaults:5 | Reached skill level 10 in Staves
 98799 | Vaults:5 | Got a distressingly furry leather armour
 98811 | Vaults:5 | Identified the cursed -3 leather armour of the Skies Above {Int-3 Slay+5 SInv} (You found it on level 5 of the Vaults)
 99750 | Vaults:5 | Identified the Compendium of Beguiling
 99976 | Vaults:5 | Got a silver rune of Zot
100700 | Vaults:5 | Identified Sif Muna's Reference Book on Sinister Rituals and the Escort (You found it on level 5 of the Vaults)
101019 | Vaults:5 | Identified Iskenderun's Volume of Arcane Weapons
101212 | Vaults:5 | Reached XP level 26. HP: 163/163 MP: 42/49
102167 | Slime:1  | Entered Level 1 of the Pits of Slime
102177 | Slime:1  | Reached skill level 23 in Spellcasting
103074 | Slime:6  | Entered Level 6 of the Pits of Slime
103736 | Slime:6  | Noticed the royal jelly
103744 | Slime:6  | Killed the royal jelly
103934 | Slime:6  | Identified Simowk's Disquisition on Boosting Battle Magic (You found it on level 6 of the Pits of Slime)
104200 | Slime:6  | Got a slimy rune of Zot
105265 | Vaults:5 | Got a dull robe
105277 | Vaults:5 | Identified the +0 robe "Taetei" {rF++ rN- MR+ MP+9 Stlth+} (You took it off a yaktaur captain on level 5 of the Vaults)
105317 | Vaults:5 | Got an encrusted ring mail
105328 | Vaults:5 | Identified the +3 ring mail of the Fifty Souls {rC+ Int+2} (You found it on level 5 of the Vaults)
105528 | Vaults:1 | Reached skill level 1 in Evocations
105699 | Depths:1 | Voluntarily entered the Abyss.
106293 | Abyss:2  | Found a corrupted altar of Lugonu.
106529 | Abyss:4  | Found a corrupted altar of Lugonu.
107287 | Abyss:4  | Reached skill level 5 in Evocations
107505 | Abyss:4  | Reached skill level 24 in Spellcasting
107835 | Abyss:4  | Reached XP level 27. HP: 135/168 MP: 46/50
108528 | Abyss:4  | Paralysed by you for 4 turns
108856 | Abyss:4  | Found a corrupted altar of Lugonu.
108988 | Abyss:4  | Mangled by a spatial maelstrom

Action                   |  1- 3 |  4- 6 |  7- 9 | 10-12 | 13-15 | 16-18 | 19-21 | 22-24 | 25-27 || total
-------------------------+-------+-------+-------+-------+-------+-------+-------+-------+-------++-------
Melee: Unarmed           |     1 |       |       |       |       |       |       |       |       ||     1
       Hand axe          |     5 |     2 |       |       |       |       |       |       |       ||     7
       War axe           |       |     1 |    64 |   192 |    75 |       |       |       |       ||   332
       Scimitar          |       |       |       |       |   567 |   293 |   323 |    53 |       ||  1236
       Staff             |       |       |       |       |       |     9 |     5 |   636 |  1056 ||  1706
 Cast: Flame Tongue      |    66 |   149 |   270 |   258 |    33 |     1 |       |       |       ||   777
       Conjure Flame     |       |     4 |    11 |    20 |     8 |       |       |       |       ||    43
       Sticky Flame      |       |     5 |    39 |    62 |    98 |    30 |       |       |       ||   234
       Fireball          |       |       |     2 |   162 |   349 |    80 |    18 |       |       ||   611
       Regeneration      |       |       |       |     1 |       |     2 |       |     1 |    27 ||    31
       Bolt of Fire      |       |       |       |       |   190 |   701 |   834 |   281 |   392 ||  2398
       Bolt of Magma     |       |       |       |       |     4 |    16 |     7 |       |       ||    27
       Mephitic Cloud    |       |       |       |       |     3 |     4 |       |       |       ||     7
       Delayed Fireball  |       |       |       |       |     1 |       |     1 |     1 |       ||     3
       Deflect Missiles  |       |       |       |       |     1 |     3 |     4 |     4 |       ||    12
       Ring of Flames    |       |       |       |       |       |    10 |    11 |    13 |    22 ||    56
       Airstrike         |       |       |       |       |       |     4 |       |     1 |       ||     5
       Orb of Destructio |       |       |       |       |       |       |    56 |   175 |    31 ||   262
       Chain Lightning   |       |       |       |       |       |       |       |   144 |   106 ||   250
       Tornado           |       |       |       |       |       |       |       |     1 |     6 ||     7
       Blink             |       |       |       |       |       |       |       |       |     1 ||     1
 Abil: Evoke Flight      |       |       |       |       |     2 |     1 |       |       |       ||     3
       Stop Flying       |       |       |       |       |     1 |       |     1 |       |       ||     2
       Release Delayed F |       |       |       |       |     1 |       |       |       |       ||     1
Evoke: Wand              |       |       |     3 |       |     3 |       |     2 |       |     9 ||    17
  Use: Potion            |     2 |       |     1 |     5 |     2 |     6 |     3 |    10 |    18 ||    47
       Scroll            |       |    11 |       |     8 |     5 |    14 |    16 |    27 |     8 ||    89
 Stab: Sleeping          |       |     1 |     2 |     2 |     5 |       |       |       |       ||    10
       Confused          |       |       |       |       |     2 |       |       |       |       ||     2
       Paralysed         |       |       |       |       |       |       |       |       |     1 ||     1
       Distracted        |       |       |       |       |       |       |       |       |     1 ||     1
       Petrifying        |       |       |       |       |       |       |       |       |     1 ||     1
  Eat: Chunk             |     1 |     8 |    15 |    34 |    53 |    30 |    18 |    26 |     2 ||   187
       Royal jelly       |       |     1 |       |       |     7 |       |       |       |       ||     8
       Fruit             |       |       |     4 |     5 |    22 |    17 |     5 |     1 |       ||    54
       Meat ration       |       |       |       |     1 |       |     3 |     9 |    11 |     6 ||    30
       Pizza             |       |       |       |     1 |     4 |     1 |     3 |     1 |     2 ||    12
       Beef jerky        |       |       |       |       |     2 |    12 |       |     1 |       ||    15
       Bread ration      |       |       |       |       |       |     1 |       |     2 |     1 ||     4
